 Dungeon Crawl Stone Soup version 0.32-a0-599-gba8f9cf90e (webtiles) character file.

Game seed: 6656595747152362369

2799 ragingrage the Carver (level 10, -15/70 HPs)
             Began as a Formicid Delver on Mar 3, 2024.
             Was a Believer of Ru.
             Demolished by a white ugly thing (31 damage)
             ... on level 8 of the Dungeon.
             The game lasted 00:07:59 (7948 turns).

ragingrage the Carver (Formicid Delver)             Turns: 7948, Time: 00:08:00

Health: -15/70     AC:  3    Str: 18    XL:     10   Next: 2%
Magic:  19/19      EV: 17    Int:  9    God:    Ru [**....]
Gold:   62         SH:  0    Dex: 19    Spells: 9/9 levels left

rFire   x . .        a - +2 falchion (flame)
rCold   x . .        (no shield)
rNeg    . . .        i - +0 leather armour
rPois   .            (helmet unavailable)
rElec   .            (no cloak)
rCorr   .            (no gloves)
SInv    +            (no boots)
Will    +....        s - amulet of faith
Stlth   +++          h - ring of magical power
HPRegen 0.31/turn    A - +5 ring of evasion
MPRegen 0.16/turn

%: faith
@: no status effects
A: permanent stasis, dig shafts and tunnels, antennae 3, temperature sensitive,
four strong arms
a: Dig, Shaft Self, Renounce Religion


You were on level 8 of the Dungeon.
You worshipped Ru.
Ru was pleased with you.
You visited 2 branches of the dungeon, and saw 9 of its levels.

You collected 462 gold pieces.
You spent 400 gold pieces at shops.

Inventory:

Hand Weapons
 a - a +2 falchion of flaming (weapon)
 b - a +0 short sword
 E - a +0 long sword
Missiles
 t - 28 poisoned darts (quivered)
 u - 2 throwing nets
 H - a curare-tipped dart
Armour
 i - a +0 leather armour (worn)
 J - an orb of mayhem
 N - +0 steam dragon scales
Jewellery
 h - a ring of magical power (left hand)
 n - a ring of fire
 s - an amulet of faith (around neck)
 x - a ring of ice
 A - a +5 ring of evasion (right hand)
 B - an amulet of guardian spirit
Wands
 f - a wand of digging (3)
Scrolls
 c - 2 scrolls of fog
 d - 5 scrolls of revelation
 e - a scroll of fear
 j - 5 scrolls of amnesia {unknown}
 k - 2 scrolls of teleportation
 q - a scroll of poison {unknown}
 r - a scroll of torment
 v - 2 scrolls of identify {unknown}
 w - a scroll of vulnerability
 G - 2 scrolls of enchant weapon {unknown}
 L - a scroll of silence {unknown}
Potions
 g - a potion of ambrosia
 l - a potion of curing {unknown}
 m - a potion of attraction {unknown}
 o - 3 potions of mutation {unknown}
 p - 2 potions of heal wounds {unknown}
 z - 2 potions of lignification {unknown}
 C - a potion of degeneration {unknown}
 D - a potion of haste {unknown}
 F - a potion of might {unknown}
 K - a potion of berserk rage {unknown}
 M - 2 potions of invisibility {unknown}
Miscellaneous
 I - a lightning rod (inert)


   Skills:
 - Level 3.2 Fighting
 - Level 2.0(8.5) Short Blades
 + Level 12.9 Long Blades
 - Level 1.7 Dodging
 - Level 6.0 Stealth


You had 9 spell levels left.
You didn't know any spells.
Your spell library contained the following spells:

 Spells                   Type           Power      Damage    Failure   Level
 Lesser Beckoning         Tloc           0%         N/A       58%         2
 Momentum Strike          Conj/Tloc      0%         3d8       58%         2
 Call Canine Familiar     Summ           0%         N/A       82%         3
 Sigil of Binding         Hex            0%         N/A       82%         3
 Dimensional Bullseye     Hex/Tloc       0%         N/A       99%         4
 Blink                    Tloc           Unusable   N/A       N/A         2

Dungeon Overview and Level Annotations

Branches:
Dungeon (8/15)             Temple (1/1) D:5
   Lair: D:8-11

Altars:
Ashenzari
Cheibriados
Dithmenos
Elyvilon
Fedhas
Gozag
Hepliaklqana
Kikubaaqudgha
Makhleb
Nemelex Xobeh
Okawaru
Qazlal
Ru
Sif Muna
Vehumet
Wu Jian
Xom
Yredelemnul
Zin
The Shining One

Shops:
D:5 *

Annotations:
D:2 Terence
D:6 exclusion: ice beast
D:7 1 exclusion
D:8 1 exclusion


Innate Abilities, Weirdness & Mutations

You cannot be hasted, slowed, berserked, paralysed or teleported.
You can dig through walls and to a lower floor.
You have a pair of large antennae on your head. (SInv)
You are sensitive to extremes of temperature. (rF-, rC-)
Your four strong arms can wield two-handed weapons with a shield.


Message History

There is a fountain of clear blue water here.
You see here a book of Spatial Translocations.
You add the spells Momentum Strike and Lesser Beckoning to your library.
Aiming: Charm
Press: ? - help, Shift-Dir - straight line, f - sky beast
Aim: a sky beast (heavily wounded, chance to affect: 49%)
The sky beast resists with some effort.
Aiming: Charm
Press: ? - help, Shift-Dir - straight line, f/p - sky beast
Aim: a sky beast (heavily wounded, chance to affect: 49%)
The sky beast resists with some effort.
The sky beast hits you. The sky beast shocks you.
Aiming: Charm
Press: ? - help, Shift-Dir - straight line, f/p - sky beast
Aim: a sky beast (heavily wounded, chance to affect: 49%)
The sky beast resists with some effort.
The now-empty wand crumbles to dust.
The sky beast flickers out of sight for a moment.
The sky beast completely misses you.
Aiming: Dig
Press: ? - help, Shift-Dir - straight line, f - you, p - sky beast Please select a direction to dig.
Okay, then.
Aiming: Thunderbolt
Press: ? - help, Shift-Dir - straight line, f/p - sky beast
Aim: a sky beast (heavily wounded)
The thunderbolt hits the sky beast.
The sky beast completely resists.
The thunderbolt hits the white ugly thing!!
The sky beast closely misses you.
Aiming: Thunderbolt
Press: ? - help, Shift-Dir - straight line, f - white ugly thing, p - sky beast
Aim: a white ugly thing (moderately wounded)
The thunderbolt hits the white ugly thing!!
The thunderbolt hits the sky beast.
The sky beast completely resists.
The lightning rod overheats!
The sky beast misses you. The white ugly thing claws you!
* * * LOW HITPOINT WARNING * * *
The white ugly thing freezes you!!
You feel a terrible chill!
You die...
Ru respects your ultimate sacrifice.

#.# #.# #Y# #.# #
#.# #.# # ##.##
#.# # #.?.# #.# #
#### ##..# #.# #
##..####..# #.# #
#ßu..⌠.⌠..# #.# #
#@Y.......####.###
#ß...⌠.⌠.##.......
##..#######.##.###
#### #.......
#.####.. #.# #...
#.# #... #.# #...
#.####..


You could see a white ugly thing and a sky beast.

Vanquished Creatures
  A centaur warrior (D:8)
  A troll (D:8)
  A wyvern (D:8)
  A steam dragon (D:8)
  A black bear (D:3)
  A sky beast (D:7)
  An ogre (D:7)
  2 centaurs
  2 kobold brigands
  4 bullfrogs
  2 scorpions
  5 killer bees (D:7)
  3 howler monkeys
  A bombardier beetle (D:5)
  4 hounds
  A jelly (D:5)
  2 sleepcaps
  8 gnolls
  6 adders
  A shadow imp (D:5)
  2 ufetubi (D:6)
  2 dart slugs (D:2)
  5 orcs
  9 ball pythons
  3 bats
  4 endoplasms
  A giant cockroach (D:5)
  6 hobgoblins
  7 jackals
  14 kobolds
  5 quokkas
  4 frilled lizards
  5 goblins
  2 rats
117 creatures vanquished.

Vanquished Creatures (collateral kills)
  A gnoll (D:3)
1 creature vanquished.

Vanquished Creatures (others)
  A centaur (D:8)
  A gnoll (D:3)
2 creatures vanquished.

Grand Total: 120 creatures vanquished

Notes
Turn   | Place    | Note
-------+----------+-------------------------------------------
     0 | D:5      | ragingrage the Formicid Delver began the quest for the Orb.
     0 | D:5      | Reached XP level 1. HP: 18/18 MP: 1/1
   210 | D:3      | Reached skill level 1 in Long Blades
   231 | D:3      | Reached XP level 2. HP: 17/24 MP: 2/2
   295 | D:3      | Reached skill level 2 in Long Blades
   548 | D:1      | Reached XP level 3. HP: 29/29 MP: 3/3
   985 | D:1      | Found a faded altar of an unknown god.
  1191 | D:1      | Reached skill level 3 in Long Blades
  1562 | D:2      | Reached XP level 4. HP: 35/35 MP: 4/4
  2047 | D:2      | Reached skill level 4 in Long Blades
  2261 | D:2      | Noticed Terence
  2525 | D:3      | Reached XP level 5. HP: 41/41 MP: 5/5
  3338 | D:4      | Noticed a black bear
  3413 | D:3      | Killed a black bear
  3414 | D:3      | Reached skill level 5 in Long Blades
  3414 | D:3      | Reached XP level 6. HP: 41/47 MP: 6/6
  3489 | D:4      | Reached skill level 6 in Long Blades
  3775 | D:5      | Reached XP level 7. HP: 46/52 MP: 7/7
  3890 | D:5      | Found a staircase to the Ecumenical Temple.
  3905 | Temple   | Entered the Ecumenical Temple
  3910 | Temple   | Became a worshipper of Ru the Awakened
  4352 | D:5      | Reached skill level 7 in Long Blades
  4441 | D:5      | Found Cyg Eqol's Gadget Gallery.
  5274 | D:6      | Reached skill level 8 in Long Blades
  5274 | D:6      | Reached XP level 8. HP: 39/58 MP: 8/8
  5419 | D:6      | Gained mutation: You are sensitive to extremes of
                  | temperature. (rF-, rC-) [Ru sacrifice]
  5419 | D:6      | Reached * piety under Ru
  5419 | D:6      | Reached ** piety under Ru
  5897 | D:6      | Reached skill level 9 in Long Blades
  6428 | D:7      | HP: 2/58 [poisoned by a killer bee]
  6762 | D:7      | Reached skill level 10 in Long Blades
  6973 | D:5      | Bought a lightning rod (4/4) for 400 gold pieces
  7038 | D:7      | Reached XP level 9. HP: 59/64 MP: 9/9
  7671 | D:8      | Noticed a troll
  7681 | D:8      | Killed a troll
  7682 | D:8      | Reached skill level 11 in Long Blades
  7721 | D:8      | Noticed a two-headed ogre
  7855 | D:8      | Found a stormy altar of Qazlal.
  7891 | D:8      | Noticed a centaur warrior
  7898 | D:8      | Killed a centaur warrior
  7899 | D:8      | Reached skill level 12 in Long Blades
  7907 | D:8      | Reached XP level 10. HP: 17/70 MP: 10/10
  7913 | D:8      | Noticed a white ugly thing
  7948 | D:8      | Demolished by a white ugly thing

Illustrated notes

Levels and vault maps discovered:
D:1:      nzn_arrival_crosshair, layout_basic, dreamdust_ecumenical_altar_grove
D:2:      layout_loops_corners, hex_tiny, uniq_terence
D:3:      layout_basic
D:4:      layout_cave_pools, serial_park, serial_park_gazebo
          [serial_park_minivault_5x5_1], serial_park_tiny_2, serial_park_paths
          [serial_park_minivault_5x5_6], serial_park_avenue1,
          corexii_hall_statues_u
D:5:      layout_rooms, minmay_temple_entry_statues_pillars,
          minmay_fountain_box, grunt_decor_mini_mirrors, nicolae_shop_gadgets
D:6:      layout_basic, serial_rivers, chequers_serial_rivers_small_b,
          chequers_serial_rivers_micro_c, chequers_serial_rivers_marsh,
          chequers_serial_rivers_micro_c
D:7:      layout_basic, dreamdust_mushroom_princess, serial_bayou_lake_a
D:8:      nzn_winding_woodlands_cross [nzn_winding_woodlands_5x15_crooked,
          nzn_winding_woodlands_5x15_sawtooth,
          nzn_winding_woodlands_5x15_lazy_stream,
          nzn_winding_woodlands_5x15_longhouse,
          nzn_winding_woodlands_15x15_five_gardens], layout_loops_ring,
          nicolae_qazlal_beasts_of_the_sky, small_chamber_with_monster,
          uniq_joseph
Temple:   hellmonk_temple_of_storms

Skill      XL: |  1  2  3  4  5  6  7  8  9 |
---------------+----------------------------+-----
Long Blades    | 1 2 3 4 5 6 8 10 12 | 12.9
Fighting       | |  3.2
Short Blades   | |  2.0
Dodging        | |  1.7
Stealth        | |  6.0

Action                     |  1- 3 |  4- 6 |  7- 9 | 10-12 || total
---------------------------+-------+-------+-------+-------++-------
  Melee: Short sword       |    22 |     1 |     4 |       ||    27
         Long sword        |    93 |   115 |    40 |       ||   248
         Falchion          |       |       |   163 |     5 ||   168
  Throw: Dart              |       |     8 |    38 |       ||    46
         Throwing net      |       |       |     1 |       ||     1
 Invoke: Sacrifice Resista |       |       |     1 |       ||     1
  Evoke: Wand              |       |     1 |     1 |     3 ||     5
         Lightning rod     |       |       |     4 |     2 ||     6
    Use: Scroll            |       |     3 |       |     1 ||     4
         Potion            |       |       |       |     1 ||     1
   Stab: Sleeping          |     8 |     6 |     3 |       ||    17
         Distracted        |       |       |     1 |       ||     1
         Held in net/web   |       |       |     2 |       ||     2
 Armour: Leather armour    |    75 |    68 |    92 |     3 ||   238
  Dodge: Dodged            |    81 |   123 |   186 |     8 ||   398

Table legend: (Time is in decaauts)
 A = Elapsed time spent in this place.
 B = Non-inter-level travel time spent in this place.
 C = Inter-level travel time spent in this place.
 D = Time resting spent in this place.
 E = Time spent auto-exploring this place.
 F = Levels seen in this place.
 G = Mean time per level.
                   A        B        C        D        E       F      G
               +--------+--------+--------+--------+--------+-----+--------+
         Total |   7960 |   7493 |    467 |   1046 |   4978 |   9 |  884.4 |
       Dungeon |   7949 |   7491 |    458 |   1046 |   4978 |   8 |  993.6 |
        Temple |     10 |      1 |      9 |      0 |      0 |   1 |   10.0 |
               +--------+--------+--------+--------+--------+-----+--------+

Top non-repeatable levels by time:
     D:6: 1375 daAuts
     D:7: 1297 daAuts
     D:5: 1205 daAuts
     D:3: 1090 daAuts
     D:1: 1031 daAuts
     D:2: 1013 daAuts
     D:8: 531 daAuts
     D:4: 404 daAuts
  Temple: 10 daAuts
